 Dungeon Crawl Stone Soup version 0.21.1-1-g345015fe64 (webtiles) character file.

66112 imba613 the Severer (level 14, -15/135 HPs)
             Began as a Minotaur Fighter on June 22, 2018.
             Demolished by a vampire knight
             ... wielding a +3 great sword of draining
              (22 damage)
             ... on level 1 of the Depths on June 23, 2018.
             The game lasted 01:16:16 (19704 turns).

imba613 the Severer (Minotaur Fighter)             Turns: 19704, Time: 01:16:17

Health: -15/135    AC: 19    Str: 25    XL:     14   Next: 78%
Magic:  13/13      EV:  9    Int:  5    God:
Gold:   1304       SH: 13    Dex: 11    Spells: 12/13 levels left

rFire    . . .     SeeInvis .   p - +5 war axe (chop)
rCold    . . .     Gourm    .   c - +0 shield
rNeg     . . .     Faith    .   G - +3 plate armour
rPois    .         Spirit   .   (helmet restricted)
rElec    .         Reflect  .   (no cloak)
rCorr    .         Harm     +   (no gloves)
MR       +....                  (no boots)
Stlth    ..........             x - amulet of harm
HPRegen  0.32/turn              t - +3 ring of slaying
MPRegen  0.13/turn              z - ring of flight

@: drained
A: retaliatory headbutt, horns 2
a: Evoke Flight


You were on level 1 of the Depths.
You were not hungry.

You visited 2 branches of the dungeon, and saw 16 of its levels.

You collected 1304 gold pieces.

Inventory:

Hand Weapons
 a - a +4 war axe
 h - a +4 scimitar of flaming
 p - a +5 war axe of chopping (weapon)
 M - a +1 great mace of protection
 P - a +3 spear of freezing
Armour
 c - a +0 shield (worn)
 G - a +3 plate armour (worn)
 S - +0 ice dragon scales
Jewellery
 i - an uncursed ring of protection from cold {unknown}
 l - an uncursed ring of magical power
 s - an uncursed ring of teleportation
 t - a +3 ring of slaying (left hand)
 x - an amulet of harm (around neck)
 z - a ring of flight (right hand)
 D - an uncursed amulet of the gourmand
 H - a cursed amulet of inaccuracy
 R - an uncursed ring of wizardry {unknown}
Wands
 b - a wand of disintegration (9)
 q - a wand of paralysis (14)
 B - a wand of iceblast (3)
 J - a wand of flame (60)
Scrolls
 e - 4 scrolls of immolation
 g - a scroll of brand weapon {unknown}
 m - 4 scrolls of magic mapping
 o - 3 scrolls of noise
 w - 5 scrolls of remove curse
 y - 3 scrolls of random uselessness
 C - 2 scrolls of teleportation
 I - 2 scrolls of fear
 K - 3 scrolls of amnesia
 N - a scroll of vulnerability {unknown}
 O - a scroll of blinking
Potions
 d - 2 potions of flight
 j - 2 potions of mutation
 k - a potion of resistance {unknown}
 n - 4 potions of brilliance
 r - a potion of berserk rage {unknown}
 u - a potion of agility {unknown}
 A - 6 potions of curing {unknown}
 E - a potion of heal wounds
 F - a potion of magic {unknown}
 L - 2 potions of lignification {unknown}
 Q - a potion of ambrosia {unknown}
Books
 v - a book of Maledictions

   Spells                             Type                      Level
   a - Corona                         Hexes                        1
   b - Ensorcelled Hibernation        Hexes/Ice                    2
   c - Confuse                        Hexes                        3
   d - Tukima's Dance                 Hexes                        3
   e - Dazzling Spray                 Conjuration/Hexes            3
Comestibles
 f - 12 rations


   Skills:
 + Level 15.1(14.0) Fighting
 + Level 2.8(2.1) Long Blades
 - Level 16.0(14.9) Axes
 + Level 15.6(14.6) Armour
 + Level 4.1(3.4) Dodging
 + Level 1.5(0.8) Stealth
 + Level 14.2(13.2) Shields


You had 12 spell levels left.
You knew the following spells:

 Your Spells              Type           Power        Failure   Level  Hunger
a - Corona                Hex            #......      99%         1    ##.....


Dungeon Overview and Level Annotations

Branches:
Dungeon (15/15)            Temple (0/1) D:5            Lair (0/6) D:11
    Orc (0/2) D:9          Vaults (0/5) D:13         Depths (1/5) D:15

Altars:
Ashenzari
Dithmenos
Elyvilon
Trog
Zin
The Shining One

Shops:
D:4 [[   D:7 %   D:9 !   D:14 *

Annotations:
D:9 exclusion: ice statue
D:15 exclusion: Roxanne, Roxanne


Innate Abilities, Weirdness & Mutations

You reflexively headbutt those who attack you in melee.
You have a pair of horns on your head.


Message History

The stone giant hits you.
You slash the stone giant!
You kill the stone giant!
A stone appears from out of thin air!
The stone hits you but does no damage. Something hits you!!
* * * LOW HITPOINT WARNING * * *
You feel drained.
* * * LOW HITPOINT WARNING * * *
You block something's attack.
Things that are here:
2 large rocks; a stone giant corpse You see here a stone.
A stone appears from out of thin air!
The stone hits you!
* * * LOW HITPOINT WARNING * * *
Things that are here:
an uncursed arbalest of flaming; 21 bolts Something hits you.
* * * LOW HITPOINT WARNING * * *
You feel drained. Something bites you but does no damage. Something hits you!!
You die...

.## #(# ..## #(#
...## #.# ....# #.#
....# #(# ....###
#.# ....'.# #.#
....(.# #)# ....#.#
#@#
....#.##########(##
....#..)....(.....#
...##.#############
..###.# .## #.# #
#.# #.# #.#


There were no monsters in sight!

Vanquished Creatures
  A stone giant (Depths:1)
  An ettin (Depths:1)
  A rakshasa (Depths:1)
  3 ice dragons
  2 great orbs of eyes
  An ogre mage (D:14)
  4 hydras
  4 centaur warriors
  A catoblepas (D:13)
  8 two-headed ogres
  2 dancing weapons (D:13)
  A death yak (D:11)
  A deep troll shaman (Depths:1)
  4 tengu warriors
  2 death knights
  Sonja (D:15)
  A skeletal warrior (D:13)
  A fire crab (D:14)
  An unseen horror (D:11)
  2 phantasmal warriors (Depths:1)
  A wolf spider zombie (D:14)
  3 deep elf magi (D:14)
  5 cyclopes
  A wolf spider (D:14)
  A manticore (D:12)
  19 ugly things
  Psyche (D:8)
  5 gargoyles
  A kobold demonologist (D:12)
  2 freezing wraiths
  2 efreet (D:15)
  A yaktaur (Depths:1)
  The ghost of OlSheep the Thaumaturge, a novice DESu of Sif Muna (D:5)
  2 tengu conjurers
  A troll (shapeshifter) (D:14)
  4 hornets
  8 trolls
  7 slime creatures (D:15)
  4 hippogriffs
  A meliai zombie (D:12)
  A wyvern (D:13)
  A centaur simulacrum (D:15)
  2 shadows
  4 wraiths
  2 water elementals
  2 vampires
  20 yaks
  A basilisk (D:11)
  7 vampire mosquitoes
  Menkaure (D:5)
  6 hungry ghosts
  4 acid dragons
  3 water moccasins
  Duvessa (D:4)
  7 orc warriors
  An eye of draining (D:14)
  3 ice beasts
  4 sky beasts
  A black bear (D:9)
  A necrophage (D:11)
  7 ogres
  A tengu (shapeshifter) (D:13)
  3 phantoms
  11 centaurs
  A crocodile (D:11)
  3 big kobolds
  11 bullfrogs
  A wyvern zombie (D:14)
  Dowan (D:4)
  4 scorpions
  9 killer bees
  A howler monkey (D:7)
  12 wights
  2 jellies
  An electric eel (D:12)
  A bullfrog zombie (D:9)
  7 crimson imps
  5 hounds
  5 centaur zombies
  9 centaur skeletons
  A gnoll shaman (D:8)
  6 orc priests
  12 orc wizards
  2 iguanas
  Jessica (D:2)
  4 bullfrog skeletons
  10 worker ants
  2 hound skeletons
  Robin (D:2)
  9 gnolls
  8 adders
  6 shadow imps
  An adder skeleton (D:4)
  An adder zombie (D:10)
  2 worms
  2 dart slugs
  4 leopard geckos
  34 orcs
  A ball python (D:3)
  6 giant cockroaches
  7 goblins
  5 hobgoblins
  8 jackals
  16 kobolds
  5 quokkas
  7 bats
  3 frilled lizards
  A jackal skeleton (D:4)
  A jackal zombie (D:5)
  A leopard gecko zombie (D:7)
  2 quokka skeletons
  3 rats
  A butterfly (D:5)
452 creatures vanquished.

Vanquished Creatures (others)
  3 fungi (D:12)
3 creatures vanquished.

Grand Total: 455 creatures vanquished

Notes
Turn   | Place    | Note
-------+----------+-------------------------------------------
     0 | D:1      | imba613 the Minotaur Fighter began the quest for the Orb.
     0 | D:1      | Reached XP level 1. HP: 19/19 MP: 0/0
    97 | D:1      | Reached XP level 2. HP: 24/27 MP: 1/1
   751 | D:2      | Reached XP level 3. HP: 30/33 MP: 2/2
   791 | D:2      | Noticed Jessica
   795 | D:2      | Killed Jessica
   795 | D:2      | Reached skill level 3 in Axes
  1142 | D:2      | Noticed Robin
  1159 | D:2      | Killed Robin
  1159 | D:2      | Reached XP level 4. HP: 38/40 MP: 3/3
  1375 | D:3      | Reached skill level 4 in Axes
  1378 | D:3      | Reached skill level 1 in Dodging
  1595 | D:3      | Reached XP level 5. HP: 37/46 MP: 4/4
  2212 | D:4      | Reached skill level 5 in Axes
  2401 | D:4      | Reached XP level 6. HP: 42/53 MP: 5/5
  2627 | D:4      | Reached skill level 5 in Fighting
  2753 | D:4      | Found Rimmergh's Antique Armour Shop.
  2787 | D:4      | Noticed Dowan
  2789 | D:4      | Noticed a two-headed ogre
  2794 | D:4      | Noticed Duvessa
  2808 | D:4      | Killed a two-headed ogre
  2808 | D:4      | Reached skill level 7 in Axes
  2808 | D:4      | Reached skill level 5 in Shields
  2808 | D:4      | Reached XP level 7. HP: 6/62 MP: 6/6
  2826 | D:4      | Killed Duvessa
  2826 | D:4      | Reached XP level 8. HP: 11/70 MP: 7/7
  2835 | D:4      | Killed Dowan
  3179 | D:4      | Found a glowing golden altar of the Shining One.
  3303 | D:4      | Learned a level 1 spell: Corona
  3343 | D:4      | Found Ycackov's Armour Shoppe.
  3376 | D:5      | Entered Level 5 of the Dungeon
  3378 | D:5      | Found a bloodstained altar of Trog.
  3427 | D:5      | Noticed Menkaure
  3432 | D:5      | Killed Menkaure
  3438 | D:5      | Reached skill level 8 in Axes
  3469 | D:5      | Noticed OlSheep's ghost (novice DESu)
  3498 | D:5      | Killed OlSheep's ghost
  3932 | D:5      | Reached skill level 9 in Axes
  3939 | D:5      | Found a staircase to the Ecumenical Temple.
  4232 | D:6      | Found a shattered altar of Ashenzari.
  4253 | D:6      | Reached XP level 9. HP: 76/78 MP: 8/8
  4678 | D:6      | Reached skill level 1 in Stealth
  4882 | D:7      | Reached skill level 10 in Axes
  4979 | D:7      | Found Erphaacw's Food Emporium.
  5013 | D:7      | Found a white marble altar of Elyvilon.
  5163 | D:7      | Identified a scroll of acquirement
  5754 | D:7      | Reached skill level 11 in Axes
  5951 | D:8      | Noticed Psyche
  5962 | D:8      | Killed Psyche
  5975 | D:8      | Reached XP level 10. HP: 72/88 MP: 9/9
  6060 | D:8      | Reached skill level 12 in Axes
  6345 | D:8      | Noticed a two-headed ogre
  6356 | D:8      | Killed a two-headed ogre
  6897 | D:9      | Found a glowing silver altar of Zin.
  6937 | D:9      | Noticed an ice statue
  6969 | D:9      | Found a flagged portal.
  7044 | D:9      | Found Dankeipp's Distillery.
  7104 | D:9      | Reached skill level 13 in Axes
  7168 | D:9      | Found a staircase to the Orcish Mines.
  7393 | D:9      | Found a shadowy altar of Dithmenos.
  7649 | D:10     | Entered Level 10 of the Dungeon
  8137 | D:10     | Reached XP level 11. HP: 95/95 MP: 10/10
  8546 | D:11     | Found a staircase to the Lair.
  8546 | D:11     | Noticed a death yak
  8565 | D:11     | Killed a death yak
  8565 | D:11     | Reached skill level 14 in Axes
  8586 | D:11     | Noticed a two-headed ogre
  8587 | D:11     | Noticed a white ugly thing
  8593 | D:11     | Killed a two-headed ogre
  8593 | D:11     | Reached skill level 10 in Armour
  8602 | D:11     | Killed a white ugly thing
  8950 | D:11     | Killed an unseen horror
  9151 | D:11     | Noticed a cyan ugly thing
  9151 | D:11     | Noticed a white ugly thing
  9162 | D:11     | Killed a white ugly thing
  9167 | D:11     | Killed a cyan ugly thing
  9710 | D:12     | Found a labyrinth entrance.
  9766 | D:12     | Reached skill level 10 in Fighting
  9931 | D:12     | Noticed a two-headed ogre
  9954 | D:12     | Killed a two-headed ogre
  9954 | D:12     | Reached skill level 15 in Axes
  9961 | D:12     | Reached XP level 12. HP: 13/106 MP: 11/11
 10198 | D:12     | Reached skill level 10 in Shields
 10313 | D:12     | Noticed a seven-headed hydra
 10692 | D:12     | Killed a 13-headed hydra
 11652 | D:13     | Noticed a catoblepas
 11941 | D:13     | Reached skill level 16 in Axes
 11949 | D:13     | Killed a catoblepas
 12113 | D:13     | Found a gate to the Vaults.
 12302 | D:13     | Noticed a death knight
 12304 | D:13     | Noticed a tengu warrior
 12323 | D:13     | Killed a death knight
 12358 | D:13     | Killed a tengu warrior
 12485 | D:13     | Reached XP level 13. HP: 113/118 MP: 12/12
 12876 | D:14     | Found Gaidebiv's General Store.
 14978 | D:14     | Reached XP level 14. HP: 125/132 MP: 13/13
 15548 | D:15     | Entered Level 15 of the Dungeon
 15620 | D:15     | Noticed Roxanne
 17003 | D:15     | Reached skill level 1 in Long Blades
 17812 | D:15     | Reached skill level 15 in Armour
 17873 | D:15     | Noticed Sonja
 17878 | D:15     | Killed Sonja
 18239 | D:15     | Found a staircase to the Depths.
 18881 | Depths:1 | Entered Level 1 of the Depths
 19670 | Depths:1 | Reached skill level 15 in Fighting
 19671 | Depths:1 | Noticed a stone giant
 19672 | Depths:1 | Noticed a vampire knight
 19700 | Depths:1 | Killed a stone giant
 19704 | Depths:1 | Demolished by a vampire knight

Skill      XL: |  1  2  3  4  5  6  7  8  9 10 11 12 13 14 |
---------------+-------------------------------------------+-----
Shields        | 4 5 6 8 9 11 13 14 | 14.2
Fighting       | 4 5 6 7 8 10 12 14 15 | 15.1
Armour         | 4 6 7 8 9 10 12 14 15 | 15.6
Axes           | 3 4 5 7 9 11 13 15 16 | 16.0
Dodging        | 1 2 3 4 |  4.1
Stealth        | 1 |  1.5
Long Blades    | 2 |  2.8

Action                   |  1- 3 |  4- 6 |  7- 9 | 10-12 | 13-15 || total
-------------------------+-------+-------+-------+-------+-------++-------
Melee: War axe           |    92 |   101 |   187 |   473 |   430 ||  1283
       Headbutt          |    13 |    15 |    33 |    98 |   114 ||   273
       Scimitar          |       |       |       |       |    22 ||    22
  Use: Potion            |       |     1 |       |     3 |     1 ||     5
       Scroll            |       |       |    21 |     6 |     6 ||    33
  Eat: Ration            |     1 |     1 |     2 |     8 |     7 ||    19
       Chunk             |       |       |     3 |       |       ||     3
Armor: Scale mail        |    36 |    26 |       |       |       ||    62
       Chain mail        |       |    16 |    17 |       |       ||    33
       Plate armour      |       |       |    59 |   198 |   147 ||   404
Dodge: Dodged            |    25 |    25 |    25 |   103 |   100 ||   278
Block: Shield            |    65 |    48 |    75 |   216 |   217 ||   621
       Rpst.: Scimitar   |       |       |       |       |     4 ||     4
